 Dungeon Crawl Stone Soup version 0.21-a0-278-ga722497 (webtiles) character file.

30795 tidbits the Martial Artist (level 12, -5/103 HPs)
             Began as a Demigod Transmuter on Sept 22, 2017.
             Killed by divine providence
             ... invoked by an orc high priest
              (9 damage)
             ... on level 2 of the Orcish Mines.
             The game lasted 01:09:26 (7616 turns).

tidbits the Martial Artist (Demigod Transmuter)     Turns: 7616, Time: 01:09:26

Health: -5/103     AC: 12    Str: 13    XL:     12   Next: 93%
Magic:  30/35      EV: 18    Int: 28    God:
Gold:   975        SH:  0    Dex: 20    Spells: 10/22 levels left

rFire    + . .     SeeInvis .     - Unarmed
rCold    . . .     Gourm    .   (shield currently unavailable)
rNeg     . . .     Faith    .   B - +0 troll leather armour
rPois    .         Spirit   .   E - +3 hat of Pondering {ponderous, MR+ MP+10 Int+5}
rElec    .         Reflect  .   H - +0 cloak {+Inv}
rCorr    .         Harm     .   (gloves currently unavailable)
MR       ++...                  F - +0 pair of boots
Stlth    ++........             (no amulet)
HPRegen  0.67/turn              t - ring of protection from fire
MPRegen  0.24/turn              U - +3 ring of protection

@: blade hands, very slightly contaminated, invisible (expiring), slow
A: thin skeletal structure 1, high mp 1, sense surroundings 1, wild magic 1,
sturdy frame 1
a: End Transformation


You were on level 2 of the Orcish Mines.
You were very hungry.
You had blades for hands.
You visited 2 branches of the dungeon, and saw 15 of its levels.

You collected 1379 gold pieces.
You spent 404 gold pieces at shops.

Inventory:

Hand Weapons
 g - a +3 blowgun
 N - a +2 broad axe of electrocution
   (You took it off an orc warrior on level 9 of the Dungeon)
Missiles
 a - 220 arrows
 l - a throwing net {!f}
 v - 5 javelins (quivered)
Armour
 s - a +2 robe of resistance
   (You took it off an orc sorcerer on level 2 of the Orcish Mines)
 B - a +0 troll leather armour (worn)
 C - a +1 cloak of poison resistance
   (You bought it in a shop on level 4 of the Dungeon)
 E - the +3 hat of Pondering (worn) {ponderous, MR+ MP+10 Int+5}
   (You took it off Gastronok on level 12 of the Dungeon)

   It affects your intelligence (+5).
   It affects your resistance to hostile enchantments.
   It affects your magic capacity (+10).
 F - a +0 pair of boots (worn)
 G - a +0 pair of gloves (melded)
 H - a +0 cloak of invisibility (worn)
   (You took it off Crazy Yiuf on level 7 of the Dungeon)
Jewellery
 e - a +1 ring of protection
   (You found it on level 12 of the Dungeon)
 o - an uncursed ring of positive energy
   (You found it on level 3 of the Dungeon)
 t - a ring of protection from fire (left scythe-like blade)
   (You found it on level 3 of the Dungeon)
 y - a +3 ring of strength
   (You found it on level 5 of the Dungeon)
 U - a +3 ring of protection (right scythe-like blade)
   (You found it on level 3 of the Dungeon)
Wands
 h - a wand of enslavement (15/24)
 n - a wand of random effects (21/48)
 A - a wand of flame (22/48)
 P - a wand of iceblast (12/15)
Scrolls
 f - 2 scrolls of magic mapping
 k - 2 scrolls of fear
 m - 3 scrolls of teleportation
 r - 6 scrolls of remove curse
 w - 3 scrolls of recharging
 D - a scroll of enchant armour {unknown}
 O - a scroll of fog
 Q - a scroll of amnesia
 S - a scroll of holy word {unknown}
 V - a scroll of torment {unknown}
Potions
 b - 2 potions of magic
 q - a potion of haste
 x - 3 potions of brilliance
 R - a potion of might
 T - 2 potions of curing
 Z - a potion of lignification
Books
 c - a book of Changes

   Spells                             Type                      Level
   a - Beastly Appendage              Transmutation                1
   b - Sticks to Snakes               Transmutation                2
   c - Spider Form                    Transmutation/Poison         3
   d - Ice Form                       Ice/Transmutation            4
   e - Blade Hands                    Transmutation                5
Comestibles
 d - 8 bread rations
 j - 19 royal jellies
 p - 9 chunks of flesh
 u - 4 meat rations


   Skills:
 - Level 8.3 Fighting
 - Level 8.5 Dodging
 - Level 12.1 Unarmed Combat
 + Level 5.9 Spellcasting
 - Level 1.0 Necromancy
 - Level 10.4 Transmutations
 - Level 4.0 Evocations


You had 10 spell levels left.
You knew the following spells:

 Your Spells              Type           Power        Failure   Level  Hunger
a - Apportation           Tloc           ##....       45%         1    None
h - Blade Hands           Tmut           ######....   30%         5    #####..
k - Sticks to Snakes      Tmut           ######..     12%         2    None
n - Animate Skeleton      Necr           N/A          38%         1    None
p - Spider Form           Tmut/Pois      #####.....   30%         3    None


Dungeon Overview and Level Annotations

Branches:
Dungeon (13/15)            Temple (0/1) D:4            Lair (0/6) D:11
    Orc (2/2) D:9             Elf (0/3) Orc:2
 Vaults: D:13-14

Shops:
D:4 [   D:8 (   D:10 *:   Orc:1 [}


Innate Abilities, Weirdness & Mutations

You have an increased reservoir of magic. (+10% MP)
You have a somewhat thin skeletal structure. (Dex +2, Stealth)
You passively map a small area around you.
Your spells are a little harder to cast, but a little more powerful.
Your movements are slightly less encumbered by armour. (ER -2)


Message History

You see here a tomahawk.
The orc high priest shouts!
The orc shouts!
You slice the orc high priest!!
The orc high priest is heavily wounded.
You hear a shout!
The orc high priest invokes the aid of Beogh against you.
Beogh smites you!
An orc wizard and an orc sorcerer come into view.
You completely miss the orc high priest.
The orc high priest is heavily wounded.
The orc sorcerer mumbles some strange words.
The orc high priest utters an invocation to Beogh.
The orc shouts!
You hit the orc high priest but do no damage.
The orc high priest is heavily wounded.
The orc closely misses you. The orc warrior closely misses you.
The orc warrior throws a tomahawk.
The tomahawk hits the hellwing!!
The orc sorcerer wildly gestures.
The orc sorcerer shimmers violently.
You slice the orc high priest!!
The orc high priest is almost dead.
The orc high priest hits you with a hand axe.
The hellwing misses you. The hellwing barely misses you.
The orc closely misses you.
You slice the orc high priest!!
You kill the orc high priest!
The orange demon disappears in a puff of smoke!
The ice devil disappears in a puff of smoke!
The hellwing disappears in a puff of smoke!
Your hands revert to their normal proportions.
Your +0 pair of gloves unmelds from your body.
The orc wizard shouts!
The orc priest shouts!
The orc warrior throws a tomahawk.
Casting: Blade Hands
Confirm with . or Enter, or press ? or * to list all spells.
Your hands turn into razor-sharp scythe blades.
Your +0 pair of gloves melds into your body.
You are feeling very hungry.
The orc misses you. The orc warrior misses you.
The orc warrior throws a tomahawk.
The orc warrior misses you.
The orc high priest calls down the wrath of Beogh upon you.
Beogh smites you! The chaos spawn completely misses you.
You hear a shout!
You see here a tomahawk.
You slash the chaos spawn!
The chaos spawn is moderately wounded.
The orc warrior throws a tomahawk.
The tomahawk barely misses the chaos spawn.
The tomahawk closely misses the orc warrior.
The orc misses you.
The orc warrior hits you with a trident.
The ice devil barely misses you. The orc priest closely misses you.
The chaos spawn misses you. The orc priest completely misses you.
The orc warrior throws a tomahawk.
The tomahawk completely misses you.
The tomahawk barely misses the chaos spawn.
The tomahawk hits the orc warrior!!
The orc high priest hits you but does no damage.
The orc priest hits you but does no damage.
The chaos spawn hits you but does no damage.
An orc high priest comes into view. It is wielding a trident.
Unknown command.
You hit the orc high priest but do no damage.
You flicker for a moment.
The orc warrior misses you. The orc sorcerer misses you.
The orc completely misses you. The orc priest completely misses you.
You slash the orc high priest!
The orc high priest is moderately wounded.
The orc high priest misses you. The chaos spawn closely misses you.
The orc sorcerer gestures at you while chanting.
You resist with almost no effort.
You slice the orc high priest!!
The orc high priest is almost dead.
You hear a shout!
The orc warrior throws a tomahawk.
The tomahawk hits the chaos spawn!
The orc closely misses you.
The orc priest hits you with a short sword.
The orc warrior closely misses you. The chaos spawn closely misses you.
The orc high priest hits you with a war axe of chopping!
* * * LOW HITPOINT WARNING * * *
x2 The orc barely misses you.
You hear a shout!
You hit the orc high priest.
The orc high priest is almost dead.
The ice devil completely misses you.
The orc sorcerer gestures wildly while chanting.
The orc priest invokes the aid of Beogh against you.
Beogh smites you!
* * * LOW HITPOINT WARNING * * *
The orc warrior misses you. The orc closely misses you.
The chaos spawn gores you!
* * * LOW HITPOINT WARNING * * *
You are engulfed in flames.
You resist.
* * * LOW HITPOINT WARNING * * *
The orc warrior barely misses you.
Blink to where?
Press: ? - help, Dir - move target cursor
As you read the scroll of blinking, it crumbles to dust.
The orc high priest invokes the aid of Beogh against you.
Beogh smites you!
You die...

..#####....)..####.#
...####...)o..##.#.# ,
, ,
#.........#oo......#,,
, ##
..........##o......##
.....
#.........###..)....##
,oo... ##.......##
###......######...###
##....###
####....)...........
##...#
##.......()..........
##.##
#...@........o.......
###
#.......(............
##.....(.............
##...(...o..........
###....o.....(.....
##...(.............
##.#.oooo...........
###...[4§o............
##.#..)oo4o4...........


You could see 2 orc high priests, a chaos spawn, an orc sorcerer, an orc
warrior, an orc priest, an orc wizard and an orc.

Vanquished Creatures
  An orc warlord (D:9)
  Azrael (D:12)
  Josephine (D:12)
  Erica (D:8)
  5 two-headed ogres
  A tengu warrior (D:12)
  2 orc high priests (Orc:2)
  The ghost of grisnicke the Fighter, a novice HuWn of Xom (D:6)
  4 unseen horrors
  3 orc knights
  Pikel (D:7)
  A deep elf mage (D:12)
  3 orc sorcerers
  3 cyclopes
  A komodo dragon (D:11)
  6 trolls
  4 hornets (D:9)
  Prince Ribbit (D:5)
  A hippogriff (shapeshifter) (D:12)
  A hippogriff (D:12)
  7 yaks
  3 wraiths (D:12)
  3 hungry ghosts
  3 fire elementals (D:12)
  A warg (Orc:2)
  A soldier ant (D:9)
  2 water moccasins (D:12)
  A hell hound (D:12)
  16 orc warriors
  A hornet zombie (D:8)
  An ice beast (D:8)
  4 sky beasts
  2 phantoms
  3 slaves (D:8)
  10 centaurs
  6 ogres
  A big kobold (D:8)
  4 bullfrogs
  A gnoll sergeant (D:9)
  A wyvern zombie (D:6)
  4 scorpions
  9 howler monkeys
  11 wights
  A bullfrog zombie (D:5)
  3 crimson imps
  4 jellies
  4 hounds
  Crazy Yiuf (D:7)
  A bullfrog skeleton (D:11)
  16 orc priests
  4 centaur skeletons
  7 orc wizards
  Terence (D:3)
  2 iguanas
  7 worker ants
  A hound zombie (D:10)
  7 gnolls
  13 adders
  A shadow imp (D:10)
  An ooze (D:4)
  A worm (D:3)
  A dart slug (D:1)
  5 leopard geckos
  77 orcs
  A ball python (D:1)
  3 giant cockroaches
  5 goblins
  4 hobgoblins
  3 quokkas
  2 bats
  3 frilled lizards
  A jackal skeleton (D:4)
  11 kobolds
  4 rats
  A fungus (D:7)
333 creatures vanquished.

Vanquished Creatures (collateral kills)
  Gastronok (D:12)
  A hydra (D:11)
  A tengu warrior (D:12)
  A troll (D:11)
  A hornet (D:9)
  A hippogriff (D:12)
  A yak (D:12)
  A hungry ghost (D:12)
  A warg (Orc:1)
  A necrophage (D:6)
  An ogre (D:9)
  2 bullfrogs (D:11)
  A wight (D:12)
  2 howler monkeys
  An orc priest (Orc:1)
  An iguana (D:12)
  A worker ant (D:12)
  A gnoll (D:9)
  2 adders
  13 orcs
  A kobold (D:5)
  A quokka (D:4)
  A rat (D:3)
38 creatures vanquished.

Vanquished Creatures (others)
  An orc warrior (Orc:1)
  An ogre (Orc:1)
  A slave (D:8)
  A worker ant (D:8)
  A howler monkey skeleton (D:6)
  An adder skeleton (D:8)
  4 orcs
  21 plants (D:11)
31 creatures vanquished.

Grand Total: 402 creatures vanquished

Notes
Turn   | Place    | Note
-------+----------+-------------------------------------------
     0 | D:1      | tidbits the Demigod Transmuter began the quest for the Orb.
     0 | D:1      | Reached XP level 1. HP: 15/15 MP: 5/5
    35 | D:1      | Reached skill level 2 in Transmutations
    55 | D:1      | Reached skill level 2 in Spellcasting
    99 | D:1      | Reached XP level 2. HP: 19/22 MP: 5/7
   111 | D:1      | Learned a level 2 spell: Sticks to Snakes
   324 | D:2      | Reached skill level 3 in Unarmed Combat
   416 | D:2      | Reached XP level 3. HP: 19/27 MP: 5/9
   549 | D:3      | Learned a level 3 spell: Spider Form
   817 | D:3      | Found a stormy altar of Qazlal.
   860 | D:3      | Reached XP level 4. HP: 31/34 MP: 5/10
   970 | D:3      | Reached skill level 4 in Unarmed Combat
   970 | D:3      | Reached skill level 3 in Transmutations
  1125 | D:4      | Reached XP level 5. HP: 17/39 MP: 4/11
  1186 | D:4      | Noticed an ogre
  1248 | D:3      | Noticed Terence
  1256 | D:3      | Killed Terence
  1312 | D:3      | Reached skill level 5 in Unarmed Combat
  1492 | D:4      | Found a staircase to the Ecumenical Temple.
  1532 | D:5      | Entered Level 5 of the Dungeon
  1555 | D:5      | Reached skill level 1 in Fighting
  1555 | D:5      | Reached XP level 6. HP: 47/47 MP: 9/12
  1623 | D:5      | Reached skill level 2 in Dodging
  1780 | D:6      | Noticed grisnicke's ghost (novice HuWn)
  1781 | D:6      | Found a blossoming altar of Fedhas.
  1810 | D:5      | Noticed Prince Ribbit
  1832 | D:5      | Killed Prince Ribbit
  1832 | D:5      | Reached skill level 2 in Fighting
  1832 | D:5      | Reached skill level 6 in Unarmed Combat
  1832 | D:5      | Reached skill level 4 in Transmutations
  1832 | D:5      | Reached XP level 7. HP: 14/55 MP: 9/13
  1914 | D:5      | Found a shattered altar of Ashenzari.
  1984 | D:4      | Found Ilurut's Antique Armour Boutique.
  1987 | D:4      | Bought a runed cloak for 187 gold pieces
  2024 | D:4      | Learned a level 1 spell: Animate Skeleton
  2276 | D:6      | Killed grisnicke's ghost
  2276 | D:6      | Reached skill level 3 in Fighting
  2276 | D:6      | Reached skill level 3 in Dodging
  2276 | D:6      | Reached skill level 7 in Unarmed Combat
  2276 | D:6      | Reached XP level 8. HP: 25/63 MP: 11/14
  2278 | D:6      | Reached skill level 5 in Transmutations
  2414 | D:8      | Noticed Erica
  2516 | D:7      | Reached skill level 4 in Dodging
  2645 | D:7      | Found an iron altar of Okawaru.
  2766 | D:7      | Found a runed door.
  2770 | D:7      | Noticed Crazy Yiuf
  2777 | D:7      | Killed Crazy Yiuf
  2836 | D:8      | Noticed Pikel
  2861 | D:7      | Killed Pikel
  2861 | D:7      | Reached skill level 4 in Fighting
  2861 | D:7      | Reached skill level 8 in Unarmed Combat
  2885 | D:8      | Found Nafatwedghun's Antique Weapon Shoppe.
  2981 | D:8      | Found a hide-covered altar of Uskayaw.
  3004 | D:8      | Reached XP level 9. HP: 56/71 MP: 12/16
  3018 | D:8      | Reached skill level 1 in Necromancy
  3097 | D:8      | Killed Erica
  3097 | D:8      | Reached skill level 4 in Spellcasting
  3097 | D:8      | Reached skill level 6 in Transmutations
  3141 | D:8      | Learned a level 1 spell: Apportation
  3147 | D:8      | Learned a level 5 spell: Blade Hands
  3190 | D:8      | Reached skill level 7 in Transmutations
  3380 | D:9      | Reached skill level 8 in Transmutations
  3469 | D:9      | Found a roughly hewn altar of Beogh.
  3680 | D:9      | Reached XP level 10. HP: 52/80 MP: 12/19
  3726 | D:9      | Reached skill level 5 in Dodging
  3735 | D:9      | Noticed a two-headed ogre
  3771 | D:9      | Killed a two-headed ogre
  3771 | D:9      | Reached skill level 9 in Unarmed Combat
  3815 | D:10     | Entered Level 10 of the Dungeon
  3963 | D:11     | Noticed a five-headed hydra
  4033 | D:10     | Reached skill level 5 in Fighting
  4043 | D:10     | Found Derik's Book Shoppe.
  4049 | D:10     | Killed an unseen horror
  4097 | D:10     | Gained mutation: You have a somewhat thin skeletal structure. (Dex +2, Stealth) [potion of mutation]
  4097 | D:10     | Gained mutation: You passively map a small area around you. [potion of mutation]
  4097 | D:10     | Gained mutation: Your movements are slightly less encumbered by armour. (ER -2) [potion of mutation]
  4097 | D:10     | Gained mutation: Your spells are a little harder to cast, but a little more powerful. [potion of mutation]
  4099 | D:10     | Killed an unseen horror
  4329 | D:8      | You fall through a shaft!
  4506 | D:11     | Killed an unseen horror
  4532 | D:11     | Noticed a two-headed ogre
  4554 | D:11     | Reached skill level 9 in Transmutations
  4560 | D:11     | Killed a two-headed ogre
  4740 | D:11     | Noticed a cyclops
  4776 | D:11     | Killed a cyclops
  4822 | D:11     | Noticed a two-headed ogre
  4826 | D:11     | Reached XP level 11. HP: 72/88 MP: 13/20
  4832 | D:11     | Killed a two-headed ogre
  4832 | D:11     | Reached skill level 10 in Transmutations
  4852 | D:11     | Found a staircase to the Lair.
  4941 | D:12     | Noticed Azrael
  4952 | D:12     | Killed Azrael
  4952 | D:12     | Reached skill level 6 in Dodging
  4952 | D:12     | Reached skill level 10 in Unarmed Combat
  4955 | D:12     | HP: 8/89 [hell hound/blast of flame[Azrael] (7)]
  4957 | D:12     | Noticed Josephine
  5360 | D:9      | Found an ornate altar of the Wu Jian Council.
  5396 | D:9      | Reached skill level 6 in Fighting
  5556 | D:11     | Killed an unseen horror
  5648 | D:11     | Killed a five-headed hydra
  5703 | D:13     | Noticed a two-headed ogre
  5709 | D:13     | Killed a two-headed ogre
  5709 | D:13     | Reached skill level 11 in Unarmed Combat
  5801 | D:12     | Reached skill level 7 in Dodging
  5832 | D:12     | Noticed Gastronok
  5883 | D:12     | Killed Gastronok
  5883 | D:12     | Reached skill level 7 in Fighting
  5902 | D:12     | Noticed a centaur warrior
  5908 | D:12     | Killed Josephine
  5908 | D:12     | Reached XP level 12. HP: 71/100 MP: 9/21
  6183 | D:12     | Reached skill level 12 in Unarmed Combat
  6264 | D:12     | Reached skill level 8 in Dodging
  6389 | D:12     | Reached skill level 8 in Fighting
  6651 | D:10     | Found Ylozuj's General Store.
  6656 | D:10     | Bought a scroll of magic mapping for 49 gold pieces
  6656 | D:10     | Bought a potion of berserk rage for 70 gold pieces
  6656 | D:10     | Bought a potion of heal wounds for 70 gold pieces
  6656 | D:10     | Bought a scroll of identify for 28 gold pieces
  6687 | D:9      | Found a staircase to the Orcish Mines.
  6710 | Orc:1    | Entered Level 1 of the Orcish Mines
  6729 | Orc:1    | Reached skill level 1 in Evocations
  6741 | Orc:1    | Noticed an orc warlord
  6836 | D:9      | Killed an orc warlord
  6836 | D:9      | Reached skill level 3 in Evocations
  6965 | Orc:1    | Found a roughly hewn altar of Beogh.
  7027 | Orc:2    | Entered Level 2 of the Orcish Mines
  7091 | Orc:2    | Found a staircase to the Elven Halls.
  7118 | Orc:1    | Found Elesy's Antique Armour Shop.
  7126 | Orc:1    | Reached skill level 4 in Evocations
  7327 | Orc:1    | Found Duifirig's Gadget Shop.
  7432 | Orc:2    | Reached skill level 5 in Spellcasting
  7615 | Orc:2    | HP: 9/103 [chaos spawn[an orc high priest] (16)]
  7615 | Orc:2    | HP: 4/103 [chaos spawn[an orc high priest] (5)]
  7616 | Orc:2    | Killed from afar by an orc high priest

Vault maps used:
D:1:      zaba_arrival_water, minmay_misc_feat_pillars
D:2:      gammafunk_temple_overflow_arena, nicolae_ru_sacrificial_ziggurat,
          overflow_temple_1_default
D:3:      grunt_qazlal_sundering, minmay_misc_feat_rows, uniq_terence
D:4:      minmay_temple_entry_butterflies, serial_shops, kennysheep_mini,
          first_bread
D:5:      nicolae_ashenzari_panopticon, led_sif_book, uniq_prince_ribbit1
D:6:      fedhas_altar_fruit_tree, okawaru_altar_gauntlet_db
D:7:      wad_crossroads, old_standard_altar, uniq_crazy_yiuf_cottage
D:8:      eat_drink_and_be_merry_uskayaw, serial_shops, shop_statue, uniq_erica,
          uniq_pikel
D:9:      lemuel_round_altar, orc_0_dummy, hangedman_pestilent_swarm
D:10:     serial_shops, kennysheep_little_box,
          nicolae_shop_temple_entry_statues_fountains
D:11:     david_lair_shrubbed
D:12:     minmay_blocky_corners, uniq_azrael, uniq_gastronok, uniq_josephine
Orc:1:    serial_shops, shop_statue, shop, minmay_orc_temple_b
Orc:2:    st_orc_mages

Skill      XL: |  1  2  3  4  5  6  7  8  9 10 11 12 |
---------------+-------------------------------------+-----
Transmutations | 2 3 4 5 8 9 10 | 10.4
Spellcasting   | 2 4 5 |  5.9
Unarmed Combat | 3 4 5 6 7 8 9 11 12 | 12.1
Fighting       | 1 2 3 4 5 7 8 |  8.3
Dodging        | 2 3 4 5 7 8 |  8.5
Necromancy     | 1 |  1.0
Evocations     | 4 |  4.0

Action                   |  1- 3 |  4- 6 |  7- 9 | 10-12 || total
-------------------------+-------+-------+-------+-------++-------
Melee: Unarmed           |    69 |   125 |   251 |   461 ||   906
       Kick              |     9 |       |       |       ||     9
       Headbutt          |     6 |     1 |       |       ||     7
       Punch             |     1 |       |       |    19 ||    20
Throw: Javelin           |       |       |     6 |       ||     6
 Cast: Beastly Appendage |    15 |     1 |       |       ||    16
       Sticks to Snakes  |     4 |    11 |    16 |    33 ||    64
       Spider Form       |     2 |    19 |    29 |     3 ||    53
       Blade Hands       |       |       |     1 |    54 ||    55
       Animate Skeleton  |       |       |       |    28 ||    28
       Apportation       |       |       |       |    14 ||    14
 Abil: End Transformatio |       |       |     1 |    13 ||    14
       Evoke Invisibilit |       |       |       |     6 ||     6
Evoke: Wand              |       |     5 |     9 |     3 ||    17
  Use: Scroll            |       |     4 |     3 |    20 ||    27
       Potion            |       |     5 |     1 |     4 ||    10
 Stab: Sleeping          |     1 |     1 |     1 |     3 ||     6
       Distracted        |       |     2 |     1 |     6 ||     9
       Invisible         |       |       |       |    12 ||    12
  Eat: Chunk             |       |     7 |     8 |    28 ||    43
       Royal jelly       |       |       |     1 |       ||     1
       Meat ration       |       |       |       |     1 ||     1
       Fruit             |       |       |       |     1 ||     1
Armor: Robe              |     9 |     6 |     5 |    20 ||    40
       Skin              |     1 |    15 |    10 |     2 ||    28
       Troll leather arm |       |       |       |    62 ||    62
Dodge: Dodged            |    38 |   138 |   187 |   360 ||   723

Table legend:
 A = Spawn XP
 B = Non-spawn XP
 C = Spawn XP percentage of total XP
 D = Spawn monster count
 E = Non-spawn monster count
 F = Spawn count percentage of total count
 G = Total turns spent on level
                    A         B        C        D         E        F      G
               +---------+---------+-------+---------+---------+-------+---------
         Total |       0 |   43993 |   0.0 |       0 |     370 |   0.0 |  7616
               +---------+---------+-------+---------+---------+-------+---------
           D:1 |       0 |      23 |   0.0 |       0 |      11 |   0.0 |   234
           D:2 |       0 |      30 |   0.0 |       0 |       7 |   0.0 |   282
           D:3 |       0 |     248 |   0.0 |       0 |      22 |   0.0 |   689
           D:4 |       0 |     138 |   0.0 |       0 |      18 |   0.0 |   435
           D:5 |       0 |     471 |   0.0 |       0 |      16 |   0.0 |   310
           D:6 |       0 |    1369 |   0.0 |       0 |      20 |   0.0 |   435
           D:7 |       0 |     927 |   0.0 |       0 |       9 |   0.0 |   522
           D:8 |       0 |    1847 |   0.0 |       0 |      17 |   0.0 |   540
           D:9 |       0 |    6031 |   0.0 |       0 |      57 |   0.0 |   936
          D:10 |       0 |    1911 |   0.0 |       0 |      17 |   0.0 |   700
          D:11 |       0 |    7462 |   0.0 |       0 |      37 |   0.0 |   828
          D:12 |       0 |   14699 |   0.0 |       0 |      55 |   0.0 |   916
          D:13 |       0 |     905 |   0.0 |       0 |       1 |   0.0 |    15
         Orc:1 |       0 |    3542 |   0.0 |       0 |      53 |   0.0 |   423
         Orc:2 |       0 |    4390 |   0.0 |       0 |      30 |   0.0 |   351
               +---------+---------+-------+---------+---------+-------+---------

Table legend:
 A = Turns spent in this place as a percentage of turns spent in the entire game.
 B = Non-inter-level travel turns spent in this place as a percentage of non-inter-level travel turns spent in the entire game.
 C = Inter-level travel turns spent in this place as a percentage of turns spent in this place.
 D = Turns resting spent in this place as a percentage of non-inter-level travel turns spent in this place.
 E = Turns spent auto-exploring this place as a percentage of non-inter-level travel turns spent in this place.
 F = Non-inter-level travel turns spent in this place divided by the number of levels of this place that you've seen.
                   A       B       C       D       E      F
               +-------+-------+-------+-------+-------+----------------------
         Total | 100.0 | 100.0 |   4.6 |   3.3 |   0.0 | 484.5
       Dungeon |  89.8 |  89.3 |   5.1 |   3.7 |   0.0 | 499.5
  Orcish Mines |  10.2 |  10.7 |   0.0 |   0.0 |   0.0 | 387.0
               +-------+-------+-------+-------+-------+----------------------

Table legend:
 A = Kills in this place as a percentage of kills in entire the game.
 B = Kills by you in this place as a percentage of kills by you in the entire game.
 C = Kills by friends in this place as a percentage of kills by friends in the entire game.
 D = Other kills in this place as a percentage of other kills in the entire game.
 E = Experience gained in this place as a percentage of experience gained in the entire game.
 F = Experience gained in this place divided by the number of levels of this place that you have seen.
                   A       B       C       D       E      F
               +-------+-------+-------+-------+-------+----------------------
         Total | 100.0 | 100.0 | 100.0 | 100.0 | 100.0 | 2932.9
       Dungeon |  77.6 |  78.4 |  73.7 |  33.3 |  82.0 | 2773.9
  Orcish Mines |  22.4 |  21.6 |  26.3 |  66.7 |  18.0 | 3966.0
               +-------+-------+-------+-------+-------+----------------------

Vault maps used:
D:1:      zaba_arrival_water, minmay_misc_feat_pillars
D:2:      gammafunk_temple_overflow_arena, nicolae_ru_sacrificial_ziggurat,
          overflow_temple_1_default
D:3:      grunt_qazlal_sundering, minmay_misc_feat_rows, uniq_terence
D:4:      minmay_temple_entry_butterflies, serial_shops, kennysheep_mini,
          first_bread
D:5:      nicolae_ashenzari_panopticon, led_sif_book, uniq_prince_ribbit1
D:6:      fedhas_altar_fruit_tree, okawaru_altar_gauntlet_db
D:7:      wad_crossroads, old_standard_altar, uniq_crazy_yiuf_cottage
D:8:      eat_drink_and_be_merry_uskayaw, serial_shops, shop_statue, uniq_erica,
          uniq_pikel
D:9:      lemuel_round_altar, orc_0_dummy, hangedman_pestilent_swarm
D:10:     serial_shops, kennysheep_little_box,
          nicolae_shop_temple_entry_statues_fountains
D:11:     david_lair_shrubbed
D:12:     minmay_blocky_corners, uniq_azrael, uniq_gastronok, uniq_josephine
Orc:1:    serial_shops, shop_statue, shop, minmay_orc_temple_b
Orc:2:    st_orc_mages
